 Dungeon Crawl Stone Soup version 0.28.0-45-g0d030f2227 (webtiles) character file.

Game seed: 7624790212542749131

1458 Bruhh the Thaumaturge (level 9, -5/60 HPs)
             Began as a Djinni Cinder Acolyte on Apr 24, 2022.
             Was a High Priest of Ignis.
             Slain by an ice beast (13 damage)
             ... on level 7 of the Dungeon.
             The game lasted 00:07:47 (7748 turns).

Bruhh the Thaumaturge (Djinni Cinder Acolyte)       Turns: 7748, Time: 00:07:47

Health: -5/60      AC:  2    Str: 13    XL:     9   Next: 5%
Gold:   407        EV: 11    Int: 20    God:    Ignis [*****.] SH:  0 Dex:  9

rFire   + + +      SeeInvis .   a - -1 falchion (flame)
rCold   x . .      Faith    .   (no shield)
rNeg    . . .      Spirit   .   b - +0 robe
rPois   ∞          Reflect  .   (no helmet)
rElec   .          Harm     .   (no cloak)
rCorr   .          Rampage  .   (no gloves)
Will    .....                   (boots unavailable)
Stlth   +.........              (no amulet)
HPRegen 0.20/turn               (no ring)
MPRegen 0.00/turn               (no ring)

@: flying
A: sickness immunity, fire resistance 2, cold vulnerability 1, float, innate
caster, HP casting, extra vitality 1
a: Renounce Religion, Fiery Armour, Foxfire Swarm, Rising Flame


You were on level 7 of the Dungeon.
You worshipped Ignis.
Ignis was extremely pleased with you.
You visited 1 branch of the dungeon, and saw 7 of its levels.

You collected 407 gold pieces.

Inventory:

Hand Weapons
 a - a -1 falchion of flaming (weapon)
 t - a +1 flail of holy wrath
Missiles
 j - 2 throwing nets
Armour
 b - a +0 robe (worn)
 s - a +2 kite shield
Jewellery
 c - a ring of positive energy
 o - an amulet of faith
 r - a ring of wizardry
Wands
 h - a wand of charming (15)
 p - a wand of iceblast (6)
 A - a wand of flame (19)
Scrolls
 d - a scroll of summoning {unknown}
 e - 2 scrolls of teleportation {unknown}
 f - 2 scrolls of enchant weapon {unknown}
 g - 4 scrolls of identify {unknown}
 k - a scroll of immolation {unknown}
 l - a scroll of fog {unknown}
 m - a scroll of blinking {unknown}
 q - 3 scrolls of magic mapping {unknown}
 u - a scroll of amnesia {unknown}
 v - a scroll of enchant armour {unknown}
 x - a scroll of vulnerability {unknown}
 y - a scroll of acquirement {unknown}
Potions
 i - 2 potions of heal wounds {unknown}
 n - a potion of lignification {unknown}
 w - a potion of might {unknown}
 z - a potion of resistance {unknown}


   Skills:
 - Level 3.0 Fighting
 - Level 2.6 Long Blades
 + Level 8.5 Spellcasting


You had 14 spell levels left.
You knew the following spells:

 Your Spells              Type           Power      Damage    Failure   Level
a - Scorch                Fire           84%        2d9       1%          2
b - Magic Dart            Conj           100%       1d8       1%          1
c - Blink                 Tloc           84%        N/A       1%          2
d - Wereblood             Tmut           42%        N/A       1%          2
e - Petrify               Tmut/Erth      42%        N/A       2%          4
Your spell library was empty.

Dungeon Overview and Level Annotations

Branches:
Dungeon (7/15)             Temple (0/1) D:5

Altars:
Dithmenos
Fedhas
Gozag
Nemelex Xobeh
Uskayaw

Shops:
D:5 (


Innate Abilities, Weirdness & Mutations

You are immune to sickness and miasma.
You are immune to poison.
Your flesh is very heat resistant. (rF++)
You are vulnerable to cold. (rC-)
You float through the air rather than walking.
You learn spells naturally, not from books.
Your magical power is your life essence.
You have superior vitality. (+4 MHP)


Message History

Flames lash the orc priest.
The orc priest is moderately wounded.
The orc priest's fire resistance burns away.
You hear a bark!
The orc priest looks encouraged for a moment.
Flames lash the orc priest.
The orc priest is burned terribly!
The orc priest is severely wounded.
Flames lash the orc priest.
The orc priest is burned terribly!
You kill the orc priest!
The orc throws a stone.
The stone closely misses you.
Flames lash the orc priest.
The orc priest is moderately wounded.
The orc priest's fire resistance burns away.
Flames lash the orc.
The orc is lightly wounded.
The orc's fire resistance burns away.
The orc priest looks encouraged for a moment.
Flames lash the orc priest.
The orc priest is burned terribly!
You kill the orc priest!
The orc hits you with a +0 club.
Flames lash the orc.
The orc is burned terribly!
You kill the orc!
Flames lash the ice beast.
The ice beast melts!
The ice beast is heavily wounded.
The ice beast's fire resistance burns away.
The ice beast hits you. The ice beast freezes you!
You feel a terrible chill!
* * * LOW HITPOINT WARNING * * *
You are too injured to fight recklessly!
You are too injured to fight recklessly!
Casting: Scorch (safe; 1% risk of failure)
Confirm with . or Enter, or press ? or * to list all spells.
Flames lash the ice beast.
The ice beast melts!
The ice beast is almost dead.
* * * LOW HITPOINT WARNING * * *
The ice beast hits you.
* * * LOW HITPOINT WARNING * * *
The ice beast freezes you!
You feel a terrible chill!
You die...

#### ### ######....
...###.###......#'####
......)..#......#....
......(..#......#...
.........#......#..#
.........#......#).#
.........#......#Y###
#...##...#......@)..#
#...########'###....+
...............#....#
...............#....#
...............#....#
...............#....#
...............#....#
###>###..#####+#....#
#.# #..#


You could see an ice beast (combustible).

Vanquished Creatures
  Menkaure (D:4)
  Edmund (D:6)
  A water moccasin (D:5)
  A black bear (D:6)
  2 necrophages
  An ogre (D:5)
  A gnoll sergeant (D:5)
  A scorpion (D:6)
  2 water moccasin skeletons
  2 orc priests (D:7)
  2 bullfrog zombies (D:6)
  A jelly (D:7)
  Crazy Yiuf (D:6)
  3 iguanas
  A hound skeleton (D:3)
  4 adders
  A howler monkey skeleton (D:5)
  12 gnolls
  2 shadow imps
  An adder skeleton (D:5)
  A worm (D:2)
  7 orcs
  6 ball pythons
  9 endoplasms
  5 giant cockroaches
  8 goblins
  4 hobgoblins
  5 jackals
  15 kobolds
  5 quokkas
  8 bats
  3 frilled lizards
  7 rats
124 creatures vanquished.

Vanquished Creatures (others)
  4 toadstools (D:1)
4 creatures vanquished.

Grand Total: 128 creatures vanquished

Notes
Turn   | Place    | Note
-------+----------+-------------------------------------------
     0 | D:1      | Bruhh the Djinni Cinder Acolyte began the quest for the
                  | Orb.
     0 | D:1      | Reached XP level 1. HP: 20/20 MP: 0/0
   282 | D:1      | Reached XP level 2. HP: 14/25 MP: 0/0
   576 | D:1      | Reached skill level 3 in Spellcasting
  1000 | D:1      | Reached XP level 3. HP: 27/30 MP: 0/0
  1000 | D:1      | Learned a level 1 spell: Magic Dart
  2053 | D:2      | Reached XP level 4. HP: 33/35 MP: 0/0
  2216 | D:2      | Found a faded altar of an unknown god.
  2870 | D:3      | Reached skill level 4 in Spellcasting
  3217 | D:3      | Found an opulent altar of Gozag.
  3217 | D:3      | Found a blossoming altar of Fedhas.
  3350 | D:3      | Reached XP level 5. HP: 16/40 MP: 0/0
  3350 | D:3      | Learned a level 2 spell: Blink
  3970 | D:3      | Found a sparkling altar of Nemelex Xobeh.
  4160 | D:4      | Noticed Menkaure
  4165 | D:4      | Killed Menkaure
  4166 | D:4      | Reached skill level 5 in Spellcasting
  4166 | D:4      | Reached XP level 6. HP: 40/46 MP: 0/0
  4832 | D:5      | Entered Level 5 of the Dungeon
  4941 | D:5      | Noticed an ogre
  4947 | D:5      | Killed an ogre
  4948 | D:5      | Reached XP level 7. HP: 43/50 MP: 0/0
  4948 | D:5      | Learned a level 2 spell: Wereblood
  5144 | D:5      | Reached skill level 6 in Spellcasting
  5747 | D:5      | Found a staircase to the Ecumenical Temple.
  6107 | D:5      | Noticed a water moccasin
  6114 | D:5      | Killed a water moccasin
  6396 | D:5      | Reached XP level 8. HP: 35/56 MP: 0/0
  6653 | D:5      | Reached skill level 7 in Spellcasting
  6696 | D:5      | Found Puciwum's Weapon Boutique.
  6712 | D:6      | Noticed a +0 falchion
  6864 | D:6      | Noticed a +0 spear
  6865 | D:6      | Noticed a +0 short sword
  6865 | D:6      | Noticed a +0 spear
  6865 | D:6      | Noticed a +0 short sword
  6865 | D:6      | Noticed a +0 dagger
  6866 | D:6      | Noticed a +0 falchion
  6866 | D:6      | Noticed a +0 dagger
  6877 | D:6      | Noticed Edmund
  6885 | D:6      | Killed Edmund
  6886 | D:6      | Reached skill level 8 in Spellcasting
  7214 | D:6      | Found a shadowy altar of Dithmenos.
  7434 | D:6      | Found a hide-covered altar of Uskayaw.
  7543 | D:6      | Found a runed translucent door.
  7544 | D:6      | Noticed Crazy Yiuf
  7625 | D:6      | Killed Crazy Yiuf
  7691 | D:7      | Reached XP level 9. HP: 56/60 MP: 0/0
  7691 | D:7      | Learned a level 4 spell: Petrify
  7748 | D:7      | Slain by an ice beast

Illustrated notes

Levels and vault maps discovered:
D:1:      ldierk_water_garden, layout_basic, hangedman_decor_riveting,
          minmay_stone_trees_small, st_stairs_8
D:2:      layout_rooms, nicolae_ecumenical_oubliette
D:3:      wander_river, layout_basic, mainiacjoe_overflow_large_starburst,
          nemelex_altar_shiori
D:4:      layout_gridville, uniq_menkaure
D:5:      layout_rooms, minmay_temple_entry_glass, serial_shops,
          nicolae_shop_hallway_stairs
D:6:      layout_rooms, grunt_dithmenos_shadows, nicolae_uskayaw_en_pointe,
          uniq_crazy_yiuf_cottage, uniq_edmund
D:7:      layout_gridville, nicolae_underground_beach

Skill      XL: |  1  2  3  4  5  6  7  8 |
---------------+-------------------------+-----
Spellcasting   | 3 4 5 6 8 |  8.5
Fighting       | |  3.0
Long Blades    | |  2.6

Action                   |  1- 3 |  4- 6 |  7- 9 || total
-------------------------+-------+-------+-------++-------
Melee: Falchion          |    49 |     3 |     1 ||    53
 Cast: Scorch            |    26 |    77 |    82 ||   185
       Magic Dart        |       |     5 |     2 ||     7
       Wereblood         |       |       |     1 ||     1
       Petrify           |       |       |     1 ||     1
Armor: Robe              |    26 |     4 |     3 ||    33
Dodge: Dodged            |    41 |    19 |    20 ||    80
